 Dungeon Crawl Stone Soup version 0.31-a0-1278-g11c5b68f87 (webtiles) character file.

Game seed: 8822809262599463423

540 timneilson the Ruffian (level 7, -6/55 (58) HPs)
             Began as a Purple Draconian Shapeshifter on Dec 17, 2023.
             Mangled by a wight
             ... wielding a +0 dire flail
              (9 damage)
             ... on level 5 of the Dungeon.
             The game lasted 00:06:42 (3276 turns).

timneilson the Ruffian (DrSh)                       Turns: 3276, Time: 00:06:42

HP:   -6/55 (58)    AC:  6    Str: 18    XL:     7   Next: 5%
MP:   7/7           EV: 17    Int: 10    God:
Gold: 188           SH:  0    Dex: 11    Spells: 6/6 levels left

rFire   . .          .
                       - Unarmed
rCold   . . .        (no shield)
rNeg    . . .        (body armour unavailable)
rPois   .            (helmet currently unavailable)
rElec   .            (cloak currently unavailable)
rCorr   .            (gloves currently unavailable)
SInv    .            (boots currently unavailable)
Will    +....        (no amulet)
Stlth   ++           l - +5 ring of evasion
HPRegen 0.29/turn    (no ring)
MPRegen 0.10/turn

%: no passive effects
@: short of breath, beast-form, drained
A: beast (slay +2), breathe power, AC +6, unfitting armour, cold-blooded
a: Breathe Dispelling Energy, Begin Untransformation


You were on level 5 of the Dungeon.
You were a hulking beast.
You visited 1 branch of the dungeon, and saw 5 of its levels.

You collected 188 gold pieces.

Inventory:

Armour
 k - a +0 pair of boots
Jewellery
 l - a +5 ring of evasion (left hand)
Talismans
 b - a beast talisman
 c - a flux talisman
 g - a serpent talisman
 n - a blade talisman
Wands
 f - a wand of flame (24)
Scrolls
 m - a scroll of teleportation
 o - a scroll of fog {unknown}
Potions
 a - a potion of lignification
 e - a potion of magic
 h - a potion of curing {unknown}
 i - 2 potions of attraction
 j - a potion of enlightenment {unknown}


   Skills:
 * Level 3.8 Fighting
 * Level 3.6 Dodging
 + Level 2.2 Stealth
 * Level 4.5 Unarmed Combat
 * Level 4.4 Shapeshifting


You had 6 spell levels left.
You didn't know any spells.
Your spell library contained the following spells:

 Spells                   Type           Power      Damage    Failure   Level
 Static Discharge         Conj/Air       0%         3-3/arc   50%         2
 Airstrike                Air            0%         2d(0-16)  98%         4
 Summon Lightning Spire   Summ/Air       0%         N/A       98%         4


Dungeon Overview and Level Annotations

Branches:
Dungeon (5/15)
 Temple: D:4-7

Altars:
Elyvilon
Hepliaklqana
Trog
Xom

Shops:
D:4 :

Annotations:
D:4 2 transporters, Tollund's ghost, amateur OgGl
D:5 Duvessa


Innate Abilities, Weirdness & Mutations

You are a hulking beast.
Your limbs bulge with bestial killing power. (Slay +2)
You can breathe bolts of dispelling energy.
Your rich purple scales are hard. (AC +6)
You cannot fit into any form of body armour.
You are cold-blooded and may be slowed by cold attacks.


Message History

You learn Spellcasting much quicker.
You learn Hexes much quicker.
You learn Evocations quicker.
You can breathe bolts of dispelling energy.
You hit the wight.
You tail-slap the wight, but do no damage.
The wight is lightly damaged.
The wight hits you with a +0 dire flail.
* * * LOW HITPOINT WARNING * * *
You feel drained.
* * * LOW HITPOINT WARNING * * *
The orc misses you.
Aiming: Breathe Dispelling Energy (5% risk of failure)
Press: ? - help, Shift-Dir - straight line, f - iguana
Aim: an iguana (59% to hit)
You breathe a bolt of dispelling energy.
The bolt of dispelling energy hits the wight but does no damage.
The wight is lightly damaged.
The bolt of dispelling energy misses the iguana.
The wight closely misses you. The orc barely misses you.
You hit the orc.
The orc is heavily wounded.
The wight misses you.
You hit the orc but do no damage. You tail-slap the orc. You punch the orc.
You kill the orc!
Unknown command.
You hit the wight.
The wight is lightly damaged.
The wight hits you with a +0 dire flail!
* * * LOW HITPOINT WARNING * * *
You feel drained.
* * * LOW HITPOINT WARNING * * *
Unknown command.
You hit the iguana.
The iguana is lightly wounded.
The iguana completely misses you. The wight completely misses you.
You hit the iguana.
Your tail-slap misses the iguana.
The iguana is moderately wounded.
The iguana closely misses you.
The wight hits you with a +0 dire flail!
You die...

..#...#............ ....
..........##........
#.....#.........#......>.
#$... ..................
#...##. #...#..#.###..<.
....... #...#..###......
....###......##...#.#.
#.l#....##.>##..#.##
##.zh...##...#...###
#.####..###### ########
#...)....# ..?.##.)#..# #
#..##.# ....# ..# #....#
...P ##...# ..... #....
..#P.♣


You could see an iguana and a wight.

Vanquished Creatures
  3 wights (D:5)
  2 orc priests (D:4)
  A hound (D:5)
  A sleepcap (D:5)
  Terence (D:3)
  An iguana (D:5)
  2 orc wizards (D:4)
  Robin (D:3)
  6 adders
  16 orcs
  7 bats
  An endoplasm (D:3)
  3 giant cockroaches
  11 hobgoblins
  6 jackals
  2 quokkas
  11 ball pythons
  2 frilled lizards (D:2)
  12 goblins
  4 kobolds
  4 rats
97 creatures vanquished.

Notes
Turn   | Place    | Note
-------+----------+-------------------------------------------
     0 | D:1      | timneilson the Draconian Shapeshifter began the quest for
                  | the Orb.
     0 | D:1      | Reached XP level 1. HP: 16/16 MP: 1/1
   183 | D:1      | Reached XP level 2. HP: 22/23 MP: 2/2
   824 | D:2      | Reached XP level 3. HP: 29/29 MP: 3/3
  1256 | D:2      | Reached skill level 1 in Stealth
  1487 | D:3      | Noticed Terence
  1507 | D:3      | Killed Terence
  1508 | D:3      | Reached XP level 4. HP: 25/37 MP: 4/4
  1648 | D:3      | Noticed Robin
  1685 | D:3      | Killed Robin
  2103 | D:4      | Reached XP level 5. HP: 41/42 MP: 5/5
  2147 | D:4      | Found a hazy altar of Hepliaklqana.
  2212 | D:4      | Found a white marble altar of Elyvilon.
  2241 | D:4      | Noticed a small abomination
  2248 | D:4      | Found a transporter.
  2260 | D:4      | Found a transporter.
  2558 | D:4      | Found Seet's Book Shoppe.
  2630 | D:4      | Noticed Tollund's ghost (amateur OgGl)
  2686 | D:4      | Found a bloodstained altar of Trog.
  2686 | D:4      | Found a shimmering altar of Xom.
  2743 | D:4      | Reached XP level 6. HP: 37/51 MP: 6/6
  3036 | D:5      | Entered Level 5 of the Dungeon
  3121 | D:5      | Noticed Duvessa
  3270 | D:5      | Your scales start taking on a rich purple colour.
  3270 | D:5      | Reached XP level 7. HP: 16/58 MP: 7/7
  3274 | D:5      | HP: 2/55 [wight/+0 dire flail (2)]
  3276 | D:5      | Mangled by a wight

Illustrated notes

Levels and vault maps discovered:
D:1:      saegor_arrival_simple_b, layout_basic
D:2:      layout_loops_ring, minmay_hedge_maze, serial_park_tiny_pond
D:3:      layout_basic, st_stairs_7, minivault_19, minmay_misc_feat_chi,
          uniq_robin, uniq_terence
D:4:      layout_loops_ring, nicolae_hepliaklqana_hippocampus,
          nicolae_overflow_crystal_walls, gammafunk_temple_overflow_elements,
          serial_shops, nicolae_square_shop, gammafunk_ghost_abyssal_escape,
          dk_rats_in_the_wall
D:5:      layout_cave_pools, ebering_ghost_sewer_d, kennysheep_flooded_box,
          dreamdust_gnoll_farm, uniq_prince_ribbit1, uniq_duvessa,
          uniq_crazy_yiuf_cottage

Skill      XL: |  1  2  3  4  5  6 |
---------------+-------------------+-----
Dodging        | 2 3 |  3.6
Fighting       | 2 3 |  3.8
Stealth        | 1 2 |  2.2
Unarmed Combat | 4 |  4.5
Shapeshifting  | 4 |  4.4

Action                     |  1- 3 |  4- 6 |  7- 9 || total
---------------------------+-------+-------+-------++-------
  Melee: Unarmed           |    98 |   205 |     6 ||   309
         Tailslap          |     7 |    25 |     2 ||    34
         Punch             |     3 |     8 |     1 ||    12
Ability: Breathe Dispellin |       |       |     1 ||     1
    Use: Scroll            |     4 |     4 |       ||     8
         Potion            |       |     2 |       ||     2
   Stab: Sleeping          |     4 |     1 |       ||     5
 Armour: Skin              |    46 |   120 |     3 ||   169
  Dodge: Dodged            |    63 |   183 |     7 ||   253

Table legend: (Time is in decaauts)
 A = Elapsed time spent in this place.
 B = Non-inter-level travel time spent in this place.
 C = Inter-level travel time spent in this place.
 D = Time resting spent in this place.
 E = Time spent auto-exploring this place.
 F = Levels seen in this place.
 G = Mean time per level.
                   A        B        C        D        E       F      G
               +--------+--------+--------+--------+--------+-----+--------+
         Total |   3254 |   3112 |    142 |    100 |   2290 |   5 |  650.8 |
       Dungeon |   3254 |   3112 |    142 |    100 |   2290 |   5 |  650.8 |
               +--------+--------+--------+--------+--------+-----+--------+

Top non-repeatable levels by time:
     D:4: 937 daAuts
     D:1: 767 daAuts
     D:2: 709 daAuts
     D:3: 606 daAuts
     D:5: 234 daAuts
